 Dungeon Crawl Stone Soup version 0.30-a0-475-g03497ec522 (webtiles) character file.

Game seed: 3777281955770805198

168 gelatine the Shooter (level 5, -6/39 HPs)
             Began as a Demonspawn Hunter on Dec 20, 2022.
             Mangled by Grinder (8 damage)
             ... on level 3 of the Dungeon.
             The game lasted 00:04:02 (1395 turns).

gelatine the Shooter (Demonspawn Hunter)            Turns: 1395, Time: 00:04:03

Health: -6/39      AC:  3    Str: 11    XL:     5   Next: 23%
Magic:  5/5        EV: 12    Int: 10    God:
Gold:   92         SH:  0    Dex: 19    Spells: 5/5 levels left

rFire   . . .      SeeInvis .    a - +0 shortbow
rCold   . . .      Faith    .    (shield currently unavailable)
rNeg    . . .      Spirit   .    c - +0 leather armour
rPois   .          Reflect  .    (no helmet)
rElec   .          Harm     .    (no cloak)
rCorr   +          Rampage  .    (no gloves)
Will    .....                    (no boots)
Stlth   ++........               l - amulet of magic regeneration
HPRegen 0.26/turn                j - ring of resist corrosion
MPRegen 0.49/turn                (no ring)

@: mighty
A: powered by death 1, sturdy frame 1, demonic magic 1, demonic touch 1
a: no special abilities


You were on level 3 of the Dungeon.
You visited 1 branch of the dungeon, and saw 3 of its levels.

You collected 92 gold pieces.

Inventory:

Hand Weapons
 a - a +0 shortbow (weapon)
Armour
 c - a +0 leather armour (worn)
Jewellery
 j - a ring of resist corrosion (left hand)
 l - an amulet of magic regeneration (around neck)
Scrolls
 b - a scroll of immolation
 e - a scroll of enchant weapon {unknown}
 f - 4 scrolls of noise {unknown}
 g - a scroll of silence {unknown}
 h - a scroll of summoning {unknown}
 i - a scroll of magic mapping {unknown}
 k - a scroll of fear {unknown}


   Skills:
 * Level 2.5 Fighting
 * Level 5.2 Ranged Weapons
 * Level 1.4 Armour
 * Level 2.1 Dodging
 * Level 1.1 Stealth
 * Level 0.5 Spellcasting


You had 5 spell levels left.
You didn't know any spells.
Your spell library contained the following spells:

 Spells                   Type           Power      Damage    Failure   Level
 Cigotuvi's Dreadful Rot  Necr/Pois/Air  0%         N/A       52%         2
 Poisonous Vapours        Pois/Air       0%         N/A       52%         2
 Hailstorm                Conj/Ice       0%         3d3       75%         3
 Mephitic Cloud           Conj/Pois/Air  0%         N/A       75%         3
 Ice Form                 Ice/Tmut       0%         N/A       98%         4
 Simulacrum               Ice/Necr       0%         N/A       100%        6


Dungeon Overview and Level Annotations

Branches:
Dungeon (3/15)

Altars:

Shops:
D:1 [

Annotations:
D:3 Grinder


Innate Abilities, Weirdness & Mutations

You regenerate a little health from kills.
Your movements are slightly less encumbered by armour. (ER -2)
Spells you cast may paralyse adjacent enemies.
Your touch may inflict minor irresistible damage on your foes.


Message History

Press: ? - help, Q - select action Shift-Dir - straight line, f/p - Grinder
Aim: Grinder (severely wounded, 61% to hit)
You shoot an arrow.
The arrow hits Grinder but does no damage.
Grinder is severely wounded.
Grinder gestures at you.
You suddenly lose the ability to move!
An orc wizard comes into view. It is wielding a +0 dagger.
Grinder hits you!
* * * LOW HITPOINT WARNING * * *
Grinder gestures at you.
You barely resist.
You can move again.
Fire: a) +0 shortbow
Press: ? - help, Q - select action Shift-Dir - straight line, f/p - Grinder
Aim: Grinder (severely wounded, 61% to hit)
You shoot an arrow. The arrow closely misses Grinder.
Grinder gestures at you. You resist with significant effort.
Grinder gestures at you.
You barely resist.
Fire: a) +0 shortbow
Press: ? - help, Q - select action Shift-Dir - straight line, f/p - Grinder
Aim: Grinder (severely wounded, 61% to hit)
You shoot an arrow. The arrow hits Grinder!
Grinder is almost dead.
The orc wizard mumbles some strange words.
The orc wizard flickers and vanishes!
Deactivating autopickup; reactivate with Ctrl-A.
Grinder barely misses you.
Fire: a) +0 shortbow
Press: ? - help, Q - select action Shift-Dir - straight line, f/p - Grinder
Aim: Grinder (almost dead, 61% to hit)
You shoot an arrow. The arrow closely misses Grinder.
Grinder hits you!
* * * LOW HITPOINT WARNING * * *
It was a potion of might.
You feel very mighty all of a sudden. Grinder hits you!
You die...

#.# ..# #..## . .... ...
...# .....## .
.#.####.#...... ..
##......#.....)######...
.#>.....#.....{5.#....#
.#......#....###@..####.
....[...#....#..........
##.............#######..
##......#.............
##......##.........##.
...................#.
.........#............
...................###
..####..##..####...#


You could see Grinder.

Vanquished Creatures
  An orc priest (D:3)
  Jessica (D:2)
  An orc wizard (D:3)
  A gnoll (D:1)
  3 adders
  2 worms (D:2)
  2 dart slugs
  2 orcs (D:3)
  4 ball pythons
  3 endoplasms
  2 giant cockroaches
  2 goblins
  5 hobgoblins
  2 jackals (D:1)
  A quokka (D:1)
  3 bats
  2 frilled lizards (D:1)
  4 kobolds
  4 rats
45 creatures vanquished.

Notes
Turn   | Place    | Note
-------+----------+-------------------------------------------
     0 | D:1      | gelatine the Demonspawn Hunter began the quest for the Orb.
     0 | D:1      | Reached XP level 1. HP: 16/16 MP: 1/1
    38 | D:1      | Reached skill level 4 in Ranged Weapons
    38 | D:1      | Gained mutation: Your touch may inflict minor irresistible
                  | damage on your foes. [demonic ancestry]
    38 | D:1      | Reached XP level 2. HP: 11/22 MP: 2/2
   231 | D:1      | Found Niamesso's Antique Armour Shoppe.
   362 | D:1      | Gained mutation: Spells you cast may paralyse adjacent
                  | enemies. [demonic ancestry]
   362 | D:1      | Reached XP level 3. HP: 27/27 MP: 3/3
   617 | D:2      | Noticed Jessica
   630 | D:2      | Killed Jessica
   759 | D:2      | Gained mutation: Your movements are slightly less
                  | encumbered by armour. (ER -2) [demonic ancestry]
   759 | D:2      | Reached XP level 4. HP: 33/33 MP: 4/4
   782 | D:2      | Reached skill level 1 in Armour
   843 | D:2      | Found a faded altar of an unknown god.
  1201 | D:2      | Reached skill level 1 in Stealth
  1377 | D:3      | Reached skill level 5 in Ranged Weapons
  1377 | D:3      | Gained mutation: You regenerate a little health from kills.
                  | [demonic ancestry]
  1377 | D:3      | Reached XP level 5. HP: 37/39 MP: 5/5
  1380 | D:3      | Noticed Grinder
  1389 | D:3      | Paralysed by Grinder for 3 turns
  1395 | D:3      | Mangled by Grinder

Illustrated notes

Levels and vault maps discovered:
D:1:      minmay_arrival_checkered_box, layout_rooms, serial_shops,
          shop_fountains
D:2:      layout_basic, hellmonk_ecumenical_altar_leap_of_faith, uniq_jessica
D:3:      layout_rooms, uniq_grinder

Skill      XL: |  1  2  3  4 |
---------------+-------------+-----
Ranged Weapons | 4 5 |  5.2
Dodging        | 2 |  2.1
Armour         | 1 |  1.4
Stealth        | 1 |  1.1
Fighting       | |  2.5
Spellcasting   | |  0.5

Action                   |  1- 3 |  4- 6 || total
-------------------------+-------+-------++-------
 Fire: Shortbow          |    69 |    77 ||   146
  Use: Potion            |       |     1 ||     1
Armor: Leather armour    |     6 |    14 ||    20
Dodge: Dodged            |    15 |    39 ||    54

Table legend: (Time is in decaauts)
 A = Elapsed time spent in this place.
 B = Non-inter-level travel time spent in this place.
 C = Inter-level travel time spent in this place.
 D = Time resting spent in this place.
 E = Time spent auto-exploring this place.
 F = Levels seen in this place.
 G = Mean time per level.
                   A        B        C        D        E       F      G
               +--------+--------+--------+--------+--------+-----+--------+
         Total |   1438 |   1357 |     81 |      0 |   1080 |   3 |  479.3 |
       Dungeon |   1438 |   1357 |     81 |      0 |   1080 |   3 |  479.3 |
               +--------+--------+--------+--------+--------+-----+--------+

Top non-repeatable levels by time:
     D:2: 815 daAuts
     D:1: 483 daAuts
     D:3: 139 daAuts
